 Dungeon Crawl Stone Soup version 0.29-a0-775-g4d7333d4e2 (webtiles) character file.

Game seed: 2968214234470778637

623 Zdeegee the Skirmisher (level 7, 0/42 HPs)
             Began as a Kobold Hunter on July 1, 2022.
             Slain by a black bear (1 damage)
             ... on level 4 of the Dungeon.
             The game lasted 00:08:54 (4363 turns).

Zdeegee the Skirmisher (Kobold Hunter)              Turns: 4363, Time: 00:08:55

Health: 0/42       AC:  6    Str:  8    XL:     7   Next: 75%
Magic:  7/7        EV: 16    Int: 11    God:
Gold:   190        SH:  0    Dex: 20    Spells: 6/6 levels left

rFire   . . .      SeeInvis .   b - +1 short sword (vamp)
rCold   . . .      Faith    .   (no shield)
rNeg    . . .      Spirit   .   c - +0 leather armour
rPois   .          Reflect  .   q - +0 helmet
rElec   .          Harm     .   g - +0 cloak
rCorr   .          Rampage  .   (no gloves)
Will    .....                   e - +0 pair of boots
Stlth   +++.......              (no amulet)
HPRegen 0.14/turn               o - ring of wizardry
MPRegen 0.10/turn               (no ring)

@: flying
A: small, no large weapons, nightstalker 3
a: no special abilities


You were on level 4 of the Dungeon.
You visited 1 branch of the dungeon, and saw 4 of its levels.
You also visited: Sewer.

You collected 190 gold pieces.

Inventory:

Hand Weapons
 a - a +0 shortbow
 b - a +1 vampiric short sword (weapon)
 x - a +0 rapier
Missiles
 p - 3 poisoned darts
Armour
 c - a +0 leather armour (worn)
 e - a +0 pair of boots (worn)
 g - a +0 cloak (worn)
 q - a +0 helmet (worn)
 t - an orb of wrath
Jewellery
 o - a ring of wizardry (left hand)
 r - an amulet of guardian spirit
Wands
 l - a wand of polymorph (6)
Scrolls
 f - a scroll of teleportation {unknown}
 h - 2 scrolls of immolation
 j - a scroll of fog {unknown}
 k - a scroll of enchant weapon {unknown}
 s - a scroll of amnesia {unknown}
 u - a scroll of fear {unknown}
 v - a scroll of blinking {unknown}
 w - a scroll of magic mapping {unknown}
Potions
 d - a potion of lignification
 i - 2 potions of magic
 m - a potion of resistance


   Skills:
 * Level 3.7 Fighting
 * Level 2.7 Short Blades
 * Level 8.8 Ranged Weapons
 * Level 1.4 Armour
 * Level 3.9 Dodging
 + Level 2.6 Stealth
 * Level 2.1 Evocations


You had 6 spell levels left.
You didn't know any spells.
Your spell library contained the following spells:

 Spells                   Type           Power      Damage    Failure   Level
 Ensorcelled Hibernation  Hex/Ice        0%         N/A       28%         2
 Passwall                 Tmut/Erth      0%         N/A       28%         2
 Swiftness                Air            0%         N/A       50%         3


Dungeon Overview and Level Annotations

Branches:
Dungeon (4/15)              Sewer (visited)
 Temple: D:4-7

Altars:

Annotations:
D:3 3 runed translucent doors, Tobias's ghost, weakling HuCA


Innate Abilities, Weirdness & Mutations

You are small and have problems with some larger weapons.
You are completely attuned to the shadows.


Message History

The black bear misses you. x2; The black bear claws you.
You hit the black bear.
The black bear is severely wounded.
The black bear misses you.
The black bear claws you but does no damage.
The black bear completely misses you.
You hit the black bear.
You feel better.
You punch the black bear, but do no damage.
The black bear is severely wounded.
The black bear goes berserk!
You hit the black bear.
You feel better.
The black bear is severely wounded.
The black bear bites you! The black bear claws you. The black bear misses you.
You closely miss the black bear.
The black bear is severely wounded.
The black bear bites you! The black bear closely misses you.
The black bear claws you but does no damage.
You are too injured to fight recklessly!
You are too injured to fight recklessly!
You hit the black bear but do no damage.
The black bear is severely wounded.
The black bear barely misses you.
The black bear claws you but does no damage.
The black bear barely misses you. x2; The black bear claws you. x2
* * * LOW HITPOINT WARNING * * *
You hit the black bear but do no damage.
The black bear is severely wounded.
The black bear bites you but does no damage.
The black bear closely misses you. The black bear barely misses you.
You hit the black bear.
You feel better.
The black bear is almost dead.
The black bear bites you!
* * * LOW HITPOINT WARNING * * *
The black bear barely misses you. x2; The black bear bites you.
* * * LOW HITPOINT WARNING * * *
The black bear barely misses you. The black bear misses you.
It was a potion of flight.
You feel very buoyant.
You fly up into the air.
The black bear misses you. The black bear claws you.
You die...

#..# #.#.......#
#..# #.......#.#
#..# #####.###.#
#..# #.# (#
###..######## #.#
.#
...>........###.#
####.#####.)....#
#.####.....##
#.........h@#
#.####.....## #.#
##...## #.#
###.## #.# #...#
#.####.###
######...##.#
.)..........#
##.#.###.####


You could see a black bear (berserk).

Vanquished Creatures
  Eustachio (D:4)
  Pargi (Sewer)
  A scorpion (D:4)
  3 hounds
  A bouda (D:3)
  Natasha (D:4)
  6 gnolls
  3 adders
  2 dart slugs
  A worm (D:3)
  7 orcs
  4 endoplasms
  7 giant cockroaches
  8 goblins
  7 hobgoblins
  4 jackals
  9 kobolds
  11 quokkas
  5 ball pythons
  5 bats
  2 frilled lizards
  3 rats
92 creatures vanquished.

Notes
Turn   | Place    | Note
-------+----------+-------------------------------------------
     0 | D:1      | Zdeegee the Kobold Hunter began the quest for the Orb.
     0 | D:1      | Reached XP level 1. HP: 12/12 MP: 1/1
   706 | D:2      | Reached XP level 2. HP: 18/18 MP: 2/2
   813 | D:2      | Reached skill level 6 in Ranged Weapons
   813 | D:2      | Reached XP level 3. HP: 14/22 MP: 3/3
  1418 | D:2      | Found a faded altar of an unknown god.
  1450 | D:2      | Reached XP level 4. HP: 16/27 MP: 4/4
  2213 | D:3      | Reached skill level 1 in Short Blades
  2213 | D:3      | Reached XP level 5. HP: 13/31 MP: 5/5
  2682 | D:3      | Reached skill level 1 in Evocations
  2721 | D:3      | Identified the +3 dagger of Awkwardness {elec, *Noise rPois
                  | Will+++ Dex-4}
  2721 | D:3      | Identified the +1 ring mail of Valour {rN+ Will+}
  2723 | D:3      | Found a runed translucent gate.
  2724 | D:3      | Found a runed translucent gate.
  2725 | D:3      | Found a runed translucent gate.
  2879 | D:3      | Reached skill level 7 in Ranged Weapons
  3230 | D:3      | Noticed Tobias's ghost (weakling HuCA)
  3301 | D:4      | Reached skill level 1 in Armour
  3301 | D:4      | Reached XP level 6. HP: 14/37 MP: 6/6
  3497 | D:4      | Noticed Eustachio
  3512 | D:4      | Killed Eustachio
  3513 | D:4      | Reached skill level 8 in Ranged Weapons
  3513 | D:4      | Reached XP level 7. HP: 29/41 MP: 7/7
  3590 | D:4      | Found a glowing drain.
  3610 | Sewer    | Entered a sewer
  3665 | Sewer    | Noticed Pargi
  3672 | Sewer    | Killed Pargi
  3943 | D:4      | Noticed Natasha
  3948 | D:4      | Killed Natasha
  4078 | D:3      | HP: 2/42 [bouda/+0 whip (8)]
  4362 | D:4      | HP: 1/42 [black bear (3)]
  4363 | D:4      | Slain by a black bear

Illustrated notes

Levels and vault maps discovered:
D:1:      dpeg_arrival_fog, layout_loops_ring, nicolae_figureground_sparkle
D:2:      layout_rooms, hellmonk_ecumenical_altar_blasted, minmay_crystal_water
D:3:      layout_loops_ring, biasface_ghost_orc_armoury, minivault_26,
          kennysheep_potato
D:4:      layout_loops_ring, gup_sewer_entry_pipe, uniq_sigmund, uniq_eustachio,
          uniq_natasha

Skill      XL: |  1  2  3  4  5  6  7 |
---------------+----------------------+-----
Ranged Weapons | 6 7 8 |  8.8
Stealth        | 2 |  2.6
Short Blades   | 1 2 |  2.7
Evocations     | 1 2 |  2.1
Fighting       | 3 |  3.7
Armour         | 1 |  1.4
Dodging        | 3 |  3.9

Action                   |  1- 3 |  4- 6 |  7- 9 || total
-------------------------+-------+-------+-------++-------
Melee: Short sword       |       |       |    40 ||    40
       Punch             |       |       |     2 ||     2
 Fire: Shortbow          |    65 |   153 |    51 ||   269
Evoke: Wand              |       |       |     1 ||     1
  Use: Scroll            |       |     2 |       ||     2
       Potion            |       |     4 |     2 ||     6
 Stab: Sleeping          |       |       |     1 ||     1
Armor: Leather armour    |    21 |    21 |    21 ||    63
Dodge: Dodged            |    56 |    68 |    85 ||   209

Table legend: (Time is in decaauts)
 A = Elapsed time spent in this place.
 B = Non-inter-level travel time spent in this place.
 C = Inter-level travel time spent in this place.
 D = Time resting spent in this place.
 E = Time spent auto-exploring this place.
 F = Levels seen in this place.
 G = Mean time per level.
                   A        B        C        D        E       F      G
               +--------+--------+--------+--------+--------+-----+--------+
         Total |   4446 |   4388 |     58 |    873 |   2593 |   5 |  889.2 |
       Dungeon |   4196 |   4138 |     58 |    873 |   2411 |   4 | 1049.0 |
         Sewer |    250 |    250 |      0 |      0 |    182 |   1 |  250.0 |
               +--------+--------+--------+--------+--------+-----+--------+

Top non-repeatable levels by time:
     D:3: 1588 daAuts
     D:1: 1088 daAuts
     D:2: 927 daAuts
     D:4: 591 daAuts
   Sewer: 250 daAuts
